 Dungeon Crawl Stone Soup version 0.31-a0-523-g071a6c1ffa (webtiles) character file.

Game seed: 4907524583413014858

1882 ytrimaz the Ducker (level 8, -5/70 (81) HPs)
             Began as a Demonspawn Shapeshifter on Aug 10, 2023.
             Killed by divine providence
             ... invoked by Jeremiah
              (14 damage)
             ... on level 7 of the Dungeon on Aug 11, 2023.
             The game lasted 00:06:23 (5504 turns).

ytrimaz the Ducker (Demonspawn Shapeshifter)        Turns: 5504, Time: 00:06:23

HP:   -5/70 (81)    AC: 24    Str: 18    XL:     8   Next: 92%
MP:   8/8           EV:  2    Int: 10    God:
Gold: 328           SH:  0    Dex: 15    Spells: 7/7 levels left

rFire   . . .        l - +10 dagger of the Feather {speed, rElec Dex+2}
rCold   . . .        (no shield)
rNeg    . . .        g - melded +0 leather armour
rPois   +            (helmet currently unavailable)
rElec   +            (cloak currently unavailable)
rCorr   .            (gloves currently unavailable)
SInv    .            (boots currently unavailable)
Will    .....        (no amulet)
Stlth   +            (no ring)
HPRegen 0.31/turn    (no ring)
MPRegen 0.11/turn

%: no passive effects
@: tree-form, heavily drained
A: stationary, stasis, torment immunity, boosted hp, (hooves 1), (thin metallic
scales 1)
a: no special abilities


You were on level 7 of the Dungeon.
You were a tree.
You visited 1 branch of the dungeon, and saw 7 of its levels.

You collected 328 gold pieces.


Innate Abilities, Weirdness & Mutations

You are a tree.
Your roots penetrate the ground, keeping you stationary.
You cannot be teleported.
You are immune to unholy pain and torment.
Your maximum health is greatly increased.
Your equipment is partially melded.
((You have large cloven feet.))
((You are partially covered in thin metallic scales. (AC +2)))


   Skills:
 - Level 1.0 Fighting
 + Level 7.7 Dodging
 - Level 2.6 Unarmed Combat
 + Level 6.8 Shapeshifting


You had 7 spell levels left.
You didn't know any spells.
Your spell library contained the following spells:

 Spells                   Type           Power      Damage    Failure   Level
 Foxfire                  Conj/Fire      0%         2x1d4     36%         1
 Plasma Beam              Fire/Air       0%         2x1d10    100%        6
 Starburst                Conj/Fire      0%         6d3       100%        6

Inventory:

Hand Weapons
 l - the +10 dagger of the Feather (weapon) {speed, rElec Dex+2}
   (You found it on level 2 of the Dungeon)

   Dex+2:     It affects your dexterity (+2).
   rElec:     It insulates you from electricity.
Armour
 e - a +0 cloak
   (You found it on level 1 of the Dungeon)
 g - a +0 leather armour (melded)
   (You found it on level 1 of the Dungeon)
Jewellery
 p - a ring of magical power
   (You took it off an orc priest on level 4 of the Dungeon)
Talismans
 c - a beast talisman
 d - a flux talisman
Wands
 v - a wand of flame (8)
   (You found it on level 5 of the Dungeon)
 x - a wand of paralysis (7)
   (You found it on level 6 of the Dungeon)
 y - a wand of polymorph (10)
   (You found it on level 6 of the Dungeon)
Scrolls
 f - a scroll of teleportation
 j - 2 scrolls of enchant weapon
 o - a scroll of butterflies
 q - a scroll of silence {unknown}
 s - a scroll of fog {unknown}
 t - 2 scrolls of enchant armour
 u - 2 scrolls of poison
 z - a scroll of revelation {unknown}
Potions
 a - a potion of mutation {unknown}
 b - a potion of lignification
 h - a potion of magic {unknown}
 i - a potion of cancellation
 k - 3 potions of attraction {unknown}
 m - a potion of ambrosia {unknown}
 n - 2 potions of haste
 r - a potion of heal wounds {unknown}

Dungeon Overview and Level Annotations

Branches:
Dungeon (7/15) Zot: 26844  Temple (0/1) D:6

Altars:
Okawaru
Trog
Vehumet

Shops:
D:3 ?   D:5 (

Annotations:
D:7 Jeremiah

#.#.#.#...#.## #.###
..#.#b#._.#..# #....
..#...#...#..# #####.
.####.##.##..# #...#.
+.....#.#..[# #.....
###...#.#...# #.####
###b#.#..## #.#
#bFb#'#..# #.#
#.#♣.....# #.#
........#b..b..# #.#
#.......#......# #.#
..##....#......######.#
....#########'......#


Fb... ######### ...... ...... You could see Jeremiah.


Message History

You now have 328 gold pieces (gained 9).
A black bear comes into view.
A black bear is nearby!
A black bear is nearby!
A black bear is nearby!
The black bear growls angrily.
The black bear bites you. The black bear closely misses you.
The black bear misses you. 😕 HP[-4]
You take 4 damage, and now have 50/54 hp.
Unknown command.
You puncture the black bear! 😕 HP[+1]
You hit the black bear.
You kick the black bear, but do no damage.
The black bear goes berserk!
You hit the black bear.
You kick the black bear, but do no damage.
The black bear misses you. The black bear closely misses you.
The black bear misses you.
You completely miss the black bear. You kick the black bear.
You kill the black bear!
No target in view! 😕 HP[+1] Unknown command.
You open the door.
There is an open door here.
Key pressed, stopping explore.
There is an open door here.
Jeremiah, Barachi Dreamer comes into view.
They are wielding a +4 glaive of draining.
Jeremiah shouts!
Jeremiah throws their arms up pleadingly.
Something smites you! 😕 HP[-9]
You take 9 damage, and now have 43/54 hp.
There is an open door here. 😕 HP[+1]
You start resting.
Jeremiah is nearby! 😕 HP[+2]
You regained 2 hp, and now have 46/54 hp.
You puncture Jeremiah!
Unknown command.
You puncture Jeremiah!
Jeremiah sobs, "I don't want it.
Make it stop!
Make it stop!"
Jeremiah barely misses you. 😕 HP[+1]
You puncture Jeremiah!
Unknown command.
You hit Jeremiah. You kick Jeremiah.
Jeremiah hits you with a +4 glaive of draining!
You feel drained. 😮 HP[-17]
You now have 52 max hp (-2).
You take 17 damage, and now have 30/52 hp.
MASSIVE DAMAGE!! (PAUSE)
You barely miss Jeremiah. Your kick misses Jeremiah.
Jeremiah hits you with a +4 glaive of draining!
* * * LOW HITPOINT WARNING * * *
You feel drained.
* * * LOW HITPOINT WARNING * * *
😨 HP[-13]
You now have 50 max hp (-2).
You take 13 damage, and now have 17/50 hp.
MASSIVE DAMAGE!! (PAUSE)
You closely miss Jeremiah. You punch Jeremiah.
Unknown command.
You hit Jeremiah. Jeremiah barely misses you. 😨 HP[+1]
You puncture Jeremiah! You kick Jeremiah. Jeremiah barely misses you.
You closely miss Jeremiah. You kick Jeremiah. Your punch misses Jeremiah.
Unknown command.
You hit Jeremiah. Jeremiah misses you.
Unknown command.
You hit Jeremiah.
Jeremiah hits you with a +4 glaive of draining!
* * * LOW HITPOINT WARNING * * *
You feel drained.
* * * LOW HITPOINT WARNING * * *
😱 HP[-12]
You now have 48 max hp (-2).
You take 12 damage, and now have 6/48 hp.
MASSIVE DAMAGE!! (PAUSE)
Your transformation has ended.
You turn into a tree.
Your +0 leather armour melds into your body.
Your roots penetrate the ground.
The butterfly disappears in a burst of colours!
Jeremiah hits you with a +4 glaive of draining.
* * * LOW HITPOINT WARNING * * *
You feel drained. 😱 HP[+3]
You now have 70 max hp (+22).
You regained 3 hp, and now have 9/70 hp.
Unknown command.
You hit Jeremiah. You barely miss Jeremiah.
Jeremiah mumbles a slurred invocation.
Something smites you!
You die...

Skill      XL: |  1  2  3  4  5  6  7  8 |
---------------+-------------------------+-----
Dodging        | 2 3 4 5 6 7 |  7.7
Shapeshifting  | 3 4 5 6 |  6.8
Fighting       | |  1.0
Unarmed Combat | |  2.6

Action                     |  1- 3 |  4- 6 |  7- 9 || total
---------------------------+-------+-------+-------++-------
  Melee: Unarmed           |    72 |       |       ||    72
         Punch             |     2 |     1 |     1 ||     4
         Kick              |    15 |    25 |    39 ||    79
         Dagger            |     3 |    96 |   133 ||   232
    Use: Scroll            |       |     7 |     2 ||     9
         Potion            |       |       |     1 ||     1
   Stab: Sleeping          |     2 |       |     1 ||     3
 Armour: Leather armour    |    15 |    22 |    21 ||    58
  Dodge: Dodged            |    47 |    56 |    62 ||   165

Levels and vault maps discovered:
D:1:      lightli_arrival_flooded_house, layout_basic,
          shapermc_ecumenical_altar_totnotflames, st_stairs_2
D:2:      layout_loops_cross
D:3:      layout_loops_ring, serial_shops, shop, kennysheep_minor_cross,
          uniq_robin
D:4:      layout_rooms, trog_butcher_becter, minmay_ruptured, uniq_blork_the_orc
D:5:      layout_cave_pools, okawaru_gym_becter, lemuel_round_altar,
          serial_shops, nicolae_shop_tiny_statue_garden
D:6:      layout_basic, kennysheep_mini, minmay_temple_entry_wispy
D:7:      layout_basic, mainiacjoe_overflow_surrounded_room,
          mainiacjoe_overflow_alcove_4, kennysheep_mini_moat, uniq_joseph,
          uniq_jeremiah

Notes
Turn   | Place    | Note
-------+----------+-------------------------------------------
     0 | D:1      | ytrimaz the Demonspawn Shapeshifter began the quest for the
                  | Orb.
     0 | D:1      | Reached XP level 1. HP: 15/15 MP: 1/1
     0 | D:1      | magus.rc [v1.9.6]
   130 | D:1      | HP: 2/15 [dart slug/slug dart (5)]
   132 | D:1      | Reached skill level 2 in Dodging
   262 | D:1      | Gained mutation: You have large cloven feet. [demonic
                  | ancestry]
   262 | D:1      | Reached XP level 2. HP: 14/21 MP: 2/2
   335 | D:1      | Reached skill level 3 in Shapeshifting
   562 | D:1      | Found a faded altar of an unknown god.
   788 | D:1      | Reached XP level 3. HP: 21/26 MP: 3/3
  1129 | D:2      | Upgraded the game from 0.31-a0-521-gc7390f8997 to
                  | 0.31-a0-523-g071a6c1ffa
  1129 | D:2      | magus.rc [v1.9.6]
  1559 | D:2      | Identified the +10 dagger of the Feather {speed, rElec
                  | Dex+2}
  1763 | D:2      | Reached skill level 3 in Dodging
  1763 | D:2      | Reached XP level 4. HP: 32/32 MP: 4/4
  2358 | D:3      | Found Moarubb's Magic Scroll Boutique.
  2371 | D:3      | Noticed Robin
  2386 | D:3      | HP: 8/32 [goblin/+0 club[Robin] (4)]
  2388 | D:3      | HP: 3/32 [Robin/+0 dagger (3)]
  2389 | D:3      | Killed Robin
  2594 | D:3      | You pick up a book of Fire and begin reading...
  2594 | D:3      | You add the spells Foxfire, Plasma Beam and Starburst to
                  | your library.
  2635 | D:3      | Reached XP level 5. HP: 23/37 MP: 5/5
  2917 | D:4      | Reached skill level 4 in Dodging
  2917 | D:4      | Reached skill level 4 in Shapeshifting
  3019 | D:4      | Gained mutation: You are partially covered in thin metallic
                  | scales. (AC +2) [demonic ancestry]
  3019 | D:4      | Reached XP level 6. HP: 38/43 MP: 6/6
  3019 | D:4      | Noticed Blork the orc
  3030 | D:4      | Killed Blork the orc
  3131 | D:4      | Reached skill level 5 in Dodging
  3141 | D:4      | Reached XP level 7. HP: 36/48 MP: 7/7
  3187 | D:4      | Reached skill level 5 in Shapeshifting
  3362 | D:4      | Found a bloodstained altar of Trog.
  3633 | D:5      | Entered Level 5 of the Dungeon
  3633 | D:5      | Found an iron altar of Okawaru.
  3858 | D:5      | Found Nadudad's Antique Weapon Shoppe.
  3899 | D:5      | Reached skill level 6 in Dodging
  4118 | D:5      | Reached XP level 8. HP: 51/54 MP: 8/8
  4410 | D:6      | Reached skill level 6 in Shapeshifting
  4759 | D:6      | Reached skill level 7 in Dodging
  4780 | D:6      | Found a staircase to the Ecumenical Temple.
  4863 | D:6      | Found a radiant altar of Vehumet.
  5480 | D:7      | Noticed Jeremiah
  5501 | D:7      | HP: 8/50 [Jeremiah/+4 glaive of draining (10)]
  5504 | D:7      | Killed from afar by Jeremiah

Vanquished Creatures
  2 water moccasins
  2 ice beasts (D:6)
  A sky beast (D:6)
  3 black bears
  2 ogres
  A phantom (D:6)
  Blork the orc (D:4)
  5 scorpions
  4 jellies
  2 orc priests
  A hound (D:6)
  A sleepcap (D:5)
  An iguana (D:6)
  Robin (D:3)
  10 adders
  A shadow imp (D:5)
  An ufetubus (D:4)
  3 worms (D:3)
  4 dart slugs
  17 orcs
  6 ball pythons
  5 bats
  6 endoplasms
  A giant cockroach (D:1)
  18 goblins
  10 hobgoblins
  6 jackals
  5 kobolds
  4 quokkas
  4 frilled lizards
  4 rats
132 creatures vanquished.

Table legend:
 A = Non-vault XP
 B = Vault XP
 C = Vault XP percentage of total XP
 D = Non-vault monster count
 E = Vault monster count
 F = Vault count percentage of total count
                 A         B        C        D         E       F
            +---------+---------+-------+---------+---------+-------
      Total |    2531 |     158 |   5.9 |     109 |      23 |  17.4
            +---------+---------+-------+---------+---------+-------
        D:1 |      42 |       3 |   6.7 |      22 |       2 |   8.3
        D:2 |      53 |       0 |   0.0 |      10 |       0 |   0.0
        D:3 |     101 |      39 |  27.9 |      21 |      13 |  38.2
        D:4 |     666 |     116 |  14.8 |      33 |       8 |  19.5
        D:5 |     467 |       0 |   0.0 |       7 |       0 |   0.0
        D:6 |     917 |       0 |   0.0 |      14 |       0 |   0.0
        D:7 |     285 |       0 |   0.0 |       2 |       0 |   0.0
            +---------+---------+-------+---------+---------+-------

Skill      XL: |  1  2  3  4  5  6  7  8 |
---------------+-------------------------+-----
Dodging        | 2 3 4 5 6 7 |  7.7
Shapeshifting  | 3 4 5 6 |  6.8
Fighting       | |  1.0
Unarmed Combat | |  2.6

Action                     |  1- 3 |  4- 6 |  7- 9 || total
---------------------------+-------+-------+-------++-------
  Melee: Unarmed           |    72 |       |       ||    72
         Punch             |     2 |     1 |     1 ||     4
         Kick              |    15 |    25 |    39 ||    79
         Dagger            |     3 |    96 |   133 ||   232
    Use: Scroll            |       |     7 |     2 ||     9
         Potion            |       |       |     1 ||     1
   Stab: Sleeping          |     2 |       |     1 ||     3
 Armour: Leather armour    |    15 |    22 |    21 ||    58
  Dodge: Dodged            |    47 |    56 |    62 ||   165

Illustrated notes

Table legend:
 A = Kills in this place as a percentage of kills in the entire game.
 B = Kills by you in this place as a percentage of kills by you in the entire game.
 C = Kills by friends in this place as a percentage of kills by friends in the entire game.
 D = Other kills in this place as a percentage of other kills in the entire game.
 E = Experience gained in this place as a percentage of experience gained in the entire game.
 F = Experience gained in this place divided by the number of levels of this place that you have seen.
                   A       B       C       D       E      F
               +-------+-------+-------+-------+-------+----------------------
         Total | 100.0 | 100.0 |   N/A |   N/A | 100.0 | 384.1
       Dungeon | 100.0 | 100.0 |   N/A |   N/A | 100.0 | 384.1
               +-------+-------+-------+-------+-------+----------------------

Table legend: (Time is in decaauts)
 A = Elapsed time spent in this place.
 B = Non-inter-level travel time spent in this place.
 C = Inter-level travel time spent in this place.
 D = Time resting spent in this place.
 E = Time spent auto-exploring this place.
 F = Levels seen in this place.
 G = Mean time per level.
                   A        B        C        D        E       F      G
               +--------+--------+--------+--------+--------+-----+--------+
         Total |   5421 |   5259 |    162 |      8 |   4455 |   7 |  774.4 |
       Dungeon |   5421 |   5259 |    162 |      8 |   4455 |   7 |  774.4 |
               +--------+--------+--------+--------+--------+-----+--------+

Top non-repeatable levels by time:
     D:1: 1119 daAuts
     D:3: 1103 daAuts
     D:6: 1026 daAuts
     D:4: 693 daAuts
     D:2: 665 daAuts
     D:5: 659 daAuts
     D:7: 154 daAuts
